 Dungeon Crawl Stone Soup version 0.31-a0-167-g1c394c0614 (webtiles) character file.

Game seed: 17593528140038587307

203 qw the Shooter (level 5, -4/49 HPs)
             Began as a Naga Hunter on June 13, 2023.
             Slain by a gnoll
             ... wielding a +0 whip
              (7 damage)
             ... on level 3 of the Dungeon.
             The game lasted 00:00:53 (1833 turns).

qw the Shooter (Naga Hunter)                        Turns: 1833, Time: 00:00:54

Health: -4/49      AC:  3    Str: 13    XL:     5   Next: 81%
Magic:  5/5        EV:  9    Int:  9    God:
Gold:   120        SH:  0    Dex: 17    Spells: 4/4 levels left

rFire   . . .        Y - +1 shortbow
rCold   . . .        (shield currently unavailable)
rNeg    . . .        c - +0 leather armour
rPois   +            (no helmet)
rElec   .            (no cloak)
rCorr   .            (no gloves)
SInv    +            (no barding)
Will    .....        (no amulet)
Stlth   ++           (no ring)
HPRegen 0.28/turn    (no ring)
MPRegen 0.09/turn

%: no passive effects
@: about to teleport, very slow
A: AC +1, large, see invisible, deformed body, poison resistance, slowness 2,
spit poison 1, naga tail 1
a: Spit Poison


You were on level 3 of the Dungeon.
You visited 1 branch of the dungeon, and saw 3 of its levels.

You collected 144 gold pieces.
You spent 24 gold pieces at shops.


Innate Abilities, Weirdness & Mutations

Your serpentine skin is tough. (AC +1)
You have supernaturally acute eyesight. (SInv)
Armour fits poorly on your strangely shaped body.
Your system is resistant to poisons. (rPois)
You cover ground very slowly.
You can spit poison.
You have a snake-like lower body.


   Skills:
 - Level 3.1 Fighting
 + Level 5.8 Ranged Weapons
 - Level 1.5 Dodging
 - Level 1.5 Stealth


You had 4 spell levels left.
You didn't know any spells.
Your spell library was empty.

Inventory:

Hand Weapons
 Y - a +1 shortbow (weapon)
Armour
 c - a +0 leather armour (worn)
Scrolls
 e - a scroll of identify
Potions
 d - 2 potions of heal wounds
 i - 2 potions of enlightenment {unknown}

Dungeon Overview and Level Annotations

Branches:
Dungeon (3/15)

Altars:
Sif Muna

Shops:
D:1 [*:*


Message History

The gnoll throws a stone.
The stone barely misses you.
You shoot an arrow. The arrow barely misses the gnoll. x2
1823 ||| Stepping ~*~*~tactically~*~*~ (outnumbered).
You have got your breath back.
The gnoll barely misses you. The gnoll hits you with a +0 whip.
1825 ||| INVOKING Spit Poison.
Aiming: Spit Poison (1% risk of failure)
Press: ? - help, Shift-Dir - straight line, f/p - gnoll The splash of poison hits the gnoll.
The gnoll is poisoned.
The gnoll is lightly wounded.
You shoot an arrow. The arrow hits the gnoll.
The gnoll is moderately wounded.
You shoot an arrow. The arrow hits the gnoll.
The gnoll is severely wounded.
A goblin comes into view. It is wielding a +0 club.
You shoot an arrow. The arrow closely misses the gnoll.
The gnoll hits you but does no damage. The gnoll hits you with a +0 whip.
You shoot an arrow.
The arrow hits the gnoll but does no damage.
The gnoll is severely wounded.
The gnoll looks more healthy.
The gnoll hits you with a +0 whip! The gnoll hits you with a +0 whip.
You shoot an arrow. The arrow hits the gnoll.
The gnoll is almost dead.
You have got your breath back.
The gnoll hits you with a +0 whip. x2
1831 ||| INVOKING Spit Poison.
Aiming: Spit Poison (1% risk of failure)
Press: ? - help, Shift-Dir - straight line, f/p - gnoll The splash of poison hits the gnoll.
The gnoll is almost dead.
The gnoll hits you with a +0 whip. x2
You shoot an arrow. The arrow closely misses the gnoll.
The gnoll barely misses you. The gnoll hits you with a +0 whip. x3
1833 ||| READING scroll of teleportation.
As you read the scroll of teleportation, it crumbles to dust.
You feel strangely unstable.
You have got your breath back.
The gnoll hits you with a +0 whip!
You die...

#.#.#......#.# #.# .
#.#.##.###.#.## ..... #.##.
#.#..<......... ....# #.##.
#.#.##.|##.######....# #.##.
#.#...[.........#....# #.##.
####+#.#.####.#.)..# #.##.
......#.####.#g.. #######.##.
#.....#......#g#####.....)....
#.....#######@g...##.########.
#.....# #.....##.#........ ##
#.....# #.....##.#.#####..
..##.....# #.....##.# ###..
#..#.....# #.....##.#.###<#..
......./.# #.....##.#.....)..
.........########'#####.#####.#..
.......#..........# #..........
...........######## ##########)


You could see 2 gnolls and a goblin.

Vanquished Creatures
  A sleepcap (D:3)
  Natasha (thrice) (D:2)
  A gnoll (D:3)
  2 adders (D:2)
  A worm (D:2)
  2 dart slugs
  5 orcs (D:3)
  5 ball pythons
  An endoplasm (D:2)
  A giant cockroach (D:1)
  4 hobgoblins
  4 jackals (D:1)
  5 quokkas
  5 bats
  6 frilled lizards
  8 goblins
  6 kobolds
  4 rats
64 creatures vanquished.

Notes
Turn   | Place    | Note
-------+----------+-------------------------------------------
     0 | D:1      | qw the Naga Hunter began the quest for the Orb.
     0 | D:1      | Reached XP level 1. HP: 19/19 MP: 1/1
     0 | D:1      | 0 ||| qw: Version: 0.2-a-29-gc1b59c4
     0 | D:1      | 0 ||| qw: Game counter: 4859
     0 | D:1      | 0 ||| qw: Always use a shield: true
     0 | D:1      | 0 ||| qw: God list: Okawaru
     0 | D:1      | 0 ||| qw: Allow faded altars: false
     0 | D:1      | 0 ||| qw: Do Orc after D:15 true
     0 | D:1      | 0 ||| qw: Do second Lair branch before Depths: true
     0 | D:1      | 0 ||| qw: Lair rune preference: random
     0 | D:1      | 0 ||| qw: Plans: Normal
     0 | D:1      | 0 ||| PLANNING D:1-11
     2 | D:1      | Found Zipsatze's Assorted Antiques.
    10 | D:1      | 10 ||| SHOPLISTING 2 glowing blue potions (52 gold, have
                  | 0).
    10 | D:1      | 10 ||| SHOPLISTING fizzy green potion (26 gold, have 0).
    10 | D:1      | 10 ||| SHOPLISTING glowing blue potion (26 gold, have 0).
    10 | D:1      | 10 ||| SHOPLISTING scroll labelled FEBBUG XOYPA (29 gold,
                  | have 0).
    10 | D:1      | 10 ||| SHOPLISTING scroll labelled FOFEMU CATWAIT (29 gold,
                  | have 0).
    17 | D:1      | 17 ||| INVOKING Spit Poison.
    22 | D:1      | 22 ||| INVOKING Spit Poison.
    66 | D:1      | Found Liperogh's Book Emporium.
    70 | D:1      | 70 ||| INVOKING Spit Poison.
    73 | D:1      | 73 ||| INVOKING Spit Poison.
    76 | D:1      | 76 ||| INVOKING Spit Poison.
    79 | D:1      | 79 ||| INVOKING Spit Poison.
   110 | D:1      | 110 ||| INVOKING Spit Poison.
   113 | D:1      | Reached skill level 4 in Ranged Weapons
   113 | D:1      | Reached XP level 2. HP: 24/26 MP: 2/2
   115 | D:1      | 115 ||| INVOKING Spit Poison.
   119 | D:1      | 119 ||| INVOKING Spit Poison.
   165 | D:1      | 165 ||| INVOKING Spit Poison.
   171 | D:1      | 171 ||| INVOKING Spit Poison.
   177 | D:1      | 177 ||| INVOKING Spit Poison.
   182 | D:1      | 182 ||| INVOKING Spit Poison.
   273 | D:1      | 273 ||| INVOKING Spit Poison.
   336 | D:1      | 336 ||| INVOKING Spit Poison.
   339 | D:1      | 339 ||| INVOKING Spit Poison.
   342 | D:1      | 342 ||| INVOKING Spit Poison.
   403 | D:1      | 403 ||| INVOKING Spit Poison.
   438 | D:1      | 438 ||| INVOKING Spit Poison.
   443 | D:1      | 443 ||| INVOKING Spit Poison.
   454 | D:1      | Found Qurahec's Antique Armour Boutique.
   462 | D:1      | 462 ||| SHOPLISTING glowing ring mail (196 gold, have 32).
   462 | D:1      | 462 ||| SHOPLISTING runed ring mail (196 gold, have 32).
   530 | D:1      | Found Sokhleridd's General Store.
   543 | D:1      | 543 ||| SHOPLISTING +0 arbalest of draining (121 gold, have
                  | 32).
   543 | D:1      | 543 ||| BUYING scroll of identify (24 gold).
   543 | D:1      | Bought a scroll of identify for 24 gold pieces
   550 | D:1      | 550 ||| READING scroll labelled QAMOAJA VIUQECS.
   651 | D:1      | 651 ||| READING scroll labelled UTULOS SULOZ.
   652 | D:1      | 652 ||| READING scroll labelled IMUGACINEO.
   657 | D:1      | 657 ||| DRINKING 3 fuming silvery potions.
   658 | D:1      | 658 ||| READING 2 scrolls of identify.
   658 | D:1      | 658 ||| IDENTIFYING silvery potion
   659 | D:1      | 659 ||| DROPPING scroll of butterflies.
   660 | D:1      | 660 ||| DROPPING potion of degeneration.
   667 | D:2      | Found a faded altar of an unknown god.
   670 | D:2      | Reached XP level 3. HP: 32/32 MP: 3/3
   687 | D:2      | 687 ||| INVOKING Spit Poison.
   699 | D:2      | 699 ||| INVOKING Spit Poison.
   703 | D:2      | 703 ||| INVOKING Spit Poison.
   706 | D:2      | 706 ||| INVOKING Spit Poison.
   824 | D:2      | 824 ||| INVOKING Spit Poison.
   828 | D:2      | 828 ||| INVOKING Spit Poison.
   831 | D:2      | 831 ||| INVOKING Spit Poison.
   834 | D:2      | 834 ||| INVOKING Spit Poison.
   934 | D:2      | Noticed Natasha
   937 | D:2      | 937 ||| INVOKING Spit Poison.
   938 | D:2      | Killed Natasha
   939 | D:2      | Reached skill level 5 in Ranged Weapons
   939 | D:2      | Reached XP level 4. HP: 39/39 MP: 4/4
   987 | D:2      | 987 ||| INVOKING Spit Poison.
  1047 | D:2      | 1047 ||| INVOKING Spit Poison.
  1065 | D:2      | 1065 ||| INVOKING Spit Poison.
  1097 | D:2      | 1097 ||| INVOKING Spit Poison.
  1171 | D:2      | Noticed Natasha
  1175 | D:2      | 1175 ||| INVOKING Spit Poison.
  1175 | D:2      | Killed Natasha
  1251 | D:2      | 1251 ||| INVOKING Spit Poison.
  1267 | D:2      | 1267 ||| INVOKING Spit Poison.
  1269 | D:2      | Reached skill level 3 in Fighting
  1281 | D:2      | 1281 ||| INVOKING Spit Poison.
  1285 | D:2      | 1285 ||| INVOKING Spit Poison.
  1291 | D:2      | Noticed Natasha
  1293 | D:2      | 1293 ||| INVOKING Spit Poison.
  1298 | D:2      | 1298 ||| INVOKING Spit Poison.
  1299 | D:2      | Killed Natasha
  1300 | D:2      | Reached XP level 5. HP: 38/49 MP: 5/5
  1341 | D:2      | 1341 ||| INVOKING Spit Poison.
  1343 | D:2      | 1343 ||| INVOKING Spit Poison.
  1349 | D:2      | 1349 ||| INVOKING Spit Poison.
  1370 | D:2      | 1370 ||| READING scroll labelled BUJIEMN DANI.
  1371 | D:2      | 1371 ||| READING scroll labelled LOLEIX RUMPE.
  1372 | D:2      | 1372 ||| READING scroll labelled OKOUNON CAUGGA.
  1373 | D:2      | 1373 ||| READING scroll labelled FUIHEA YFEA.
  1374 | D:2      | 1374 ||| READING 2 scrolls of identify.
  1374 | D:2      | 1374 ||| IDENTIFYING emerald potion
  1375 | D:2      | 1375 ||| DROPPING potion of attraction.
  1399 | D:3      | 1399 ||| INVOKING Spit Poison.
  1403 | D:3      | 1403 ||| INVOKING Spit Poison.
  1422 | D:3      | 1422 ||| INVOKING Spit Poison.
  1438 | D:3      | 1438 ||| INVOKING Spit Poison.
  1465 | D:3      | 1465 ||| INVOKING Spit Poison.
  1494 | D:3      | 1494 ||| INVOKING Spit Poison.
  1498 | D:3      | Found the +5 Force Lance {heavy, knockback}
  1603 | D:3      | 1603 ||| INVOKING Spit Poison.
  1625 | D:3      | 1625 ||| INVOKING Spit Poison.
  1743 | D:3      | Found a shimmering blue altar of Sif Muna.
  1782 | D:3      | 1782 ||| INVOKING Spit Poison.
  1819 | D:3      | 1819 ||| INVOKING Spit Poison.
  1823 | D:3      | 1823 ||| Stepping ~*~*~tactically~*~*~ (outnumbered).
  1825 | D:3      | 1825 ||| INVOKING Spit Poison.
  1831 | D:3      | 1831 ||| INVOKING Spit Poison.
  1832 | D:3      | HP: 8/49 [gnoll/+0 whip (6)]
  1832 | D:3      | HP: 3/49 [gnoll/+0 whip (5)]
  1833 | D:3      | 1833 ||| READING scroll of teleportation.
  1833 | D:3      | Slain by a gnoll

Levels and vault maps discovered:
D:1:      wander_arrival_lonely_grave, layout_rooms, serial_shops, shop, shop,
          shop, shop
D:2:      layout_basic, hellmonk_ecumenical_altar_leap_of_faith,
          kennysheep_another_room, minmay_pentomino_r2, uniq_natasha
D:3:      layout_basic, mainiacjoe_overflow_alcove_2,
          mainiacjoe_overflow_six_doors_small, general_overflow_altar

Skill      XL: |  1  2  3  4 |
---------------+-------------+-----
Ranged Weapons | 4 5 |  5.8
Fighting       | 3 |  3.1
Dodging        | |  1.5
Stealth        | |  1.5

Action                     |  1- 3 |  4- 6 || total
---------------------------+-------+-------++-------
   Fire: Shortbow          |    79 |    68 ||   147
Ability: Spit Poison       |    29 |    25 ||    54
    Use: Scroll            |     4 |     6 ||    10
         Potion            |     1 |       ||     1
 Armour: Leather armour    |     9 |     3 ||    12
  Dodge: Dodged            |    44 |    12 ||    56

Table legend:
 A = Non-vault XP
 B = Vault XP
 C = Vault XP percentage of total XP
 D = Non-vault monster count
 E = Vault monster count
 F = Vault count percentage of total count
                 A         B        C        D         E       F
            +---------+---------+-------+---------+---------+-------
      Total |     251 |      39 |  13.4 |      61 |       3 |   4.7
            +---------+---------+-------+---------+---------+-------
        D:1 |      33 |       0 |   0.0 |      22 |       0 |   0.0
        D:2 |     129 |      39 |  23.2 |      20 |       3 |  13.0
        D:3 |      89 |       0 |   0.0 |      19 |       0 |   0.0
            +---------+---------+-------+---------+---------+-------
